[Event "GambitGuide"]
[Site "Internet Chess Club"]
[Date "2014.10.30"]
[Round "1"]
[White "JSBach"]
[Black "kaisar"]
[Result "1-0"]
[ICCResult "Black checkmated"]
[WhiteElo "1713"]
[BlackElo "1311"]
[Opening "Vienna: `Frankenstein-Dracula' variation"]
[ECO "C27"]
[NIC "VG.02"]
[Time "19:38:11"]
[TimeControl "120+12"]

1. e4 e5 2. Nc3 Nf6 3. Bc4 Nxe4 4. Qh5 Nd6 5. Bb3 Nc6 6. Nb5 g6 7. Qf3 f5 8.
Qd5 Qe7 9. Nxc7+ Kd8 10. Nxa8 b6 11. Ba4 Bb7 12. Nxb6 axb6 13. Qb3 Kc7 14.
Ne2 Nd4 15. Nxd4 exd4+ 16. Kf1 Bc6 17. Qb4 Bxa4 18. Qxa4 Ne4 19. d3 Nc5 20.
Qxd4 Bg7 21. Qd5 Re8 22. Bf4+ d6 23. f3 Qe2+ 24. Kg1 Bxb2 25. Bxd6+ Kc8 26.
Qc6+ Kd8 27. Qc7# {Black checkmated} 1-0

[Event "GambitGuide"]
[Site "Internet Chess Club"]
[Date "2014.10.30"]
[Round "1"]
[White "JSBach"]
[Black "boveymvp"]
[Result "1-0"]
[ICCResult "Black resigns"]
[WhiteElo "1713"]
[BlackElo "1577"]
[Opening "Vienna: `Frankenstein-Dracula' variation"]
[ECO "C27"]
[NIC "VG.02"]
[Time "19:36:33"]
[TimeControl "120+12"]

1. e4 e5 2. Nc3 Nf6 3. Bc4 Nxe4 4. Qh5 Nd6 5. Bb3 Nc6 6. Nb5 g6 7. Qf3 f5 8.
Qd5 Qe7 9. Nxc7+ Kd8 10. Nxa8 b6 11. Ba4 b5 12. Bxb5 Nxb5 13. Qxb5 Qc5 14.
Qxc5 Bxc5 15. d3 Bb7 16. d4 Nxd4 17. Bg5+ Kc8 18. O-O-O Bxg2 19. Bf6 Re8 20.
Nh3 Bxh3 21. Rhe1 Nc6 22. f3 d6 23. Rd3 Kb7 24. f4 e4 25. Rxh3 Kxa8 26. Rxh7
Nb4 27. a4 Nd5 28. Rf7 Nxf4 29. h4 d5 30. Rc7 Bd6 31. Rd7 Be5 32. Bxe5 Rxe5
33. Kd2 Ng2 34. Rh1 f4 35. Rg7 Re6 36. h5 e3+ 37. Ke2 f3+ 38. Kxf3 e2 39.
Kxg2 e1=Q 40. Rxe1 Rxe1 41. hxg6 Re2+ 42. Kg3 Rxc2 43. Rd7 Rxb2 44. g7
{Black resigns}
1-0

[Event "GambitGuide"]
[Site "Internet Chess Club"]
[Date "2014.10.30"]
[Round "1"]
[White "JSBach"]
[Black "Selfoss"]
[Result "1-0"]
[ICCResult "Black resigns"]
[WhiteElo "1713"]
[BlackElo "1316"]
[Opening "Vienna: `Frankenstein-Dracula' variation"]
[ECO "C27"]
[NIC "VG.02"]
[Time "19:38:55"]
[TimeControl "120+12"]

1. e4 e5 2. Nc3 Nf6 3. Bc4 Nxe4 4. Qh5 Nd6 5. Bb3 Nc6 6. Nb5 g6 7. Qf3 f5 8.
Qd5 Qe7 9. Nxc7+ Kd8 10. Nxa8 b6 11. Ba4 Bb7 12. Nxb6 axb6 13. Qb3 Kc7 14.
Ne2 Na5 15. Qg3 Ne4 16. Qh3 Qb4 17. Bb3 Ng5 18. Qg3 Ne4 19. Qxe5+ Bd6 20.
Qxh8 Bc5 21. Qe5+ d6 22. Qe7+ Kc6 23. f3 Nf2 24. Be6 {Black resigns} 1-0

[Event "GambitGuide"]
[Site "Internet Chess Club"]
[Date "2014.10.30"]
[Round "1"]
[White "JSBach"]
[Black "deshpande"]
[Result "0-1"]
[ICCResult "White checkmated"]
[WhiteElo "1713"]
[BlackElo "1602"]
[Opening "Vienna: `Frankenstein-Dracula' variation"]
[ECO "C27"]
[NIC "VG.02"]
[Time "19:39:59"]
[TimeControl "120+12"]

1. e4 e5 2. Nc3 Nf6 3. Bc4 Nxe4 4. Qh5 Nd6 5. Bb3 Nc6 6. Nb5 g6 7. Qf3 f5 8.
Qd5 Qe7 9. Nxc7+ Kd8 10. Nxa8 b6 11. Ba4 Nb4 12. Qb3 Bb7 13. Qxb4 Bxa8 14.
f3 Bg7 15. Bb3 Re8 16. Qa3 e4 17. Kd1 exf3 18. c3 Qe1+ 19. Kc2 Be4+ 20. d3
Bxd3+ 21. Kxd3 Qe4+ 22. Kd2 Bh6+ 23. Kd1 Qd3+ 24. Bd2 Qxd2# {White
checkmated} 0-1

[Event "GambitGuide"]
[Site "Internet Chess Club"]
[Date "2014.10.30"]
[Round "1"]
[White "JSBach"]
[Black "TwinsburgOHUSA"]
[Result "1-0"]
[ICCResult "Black checkmated"]
[WhiteElo "1713"]
[BlackElo "1299"]
[Opening "Vienna: `Frankenstein-Dracula' variation"]
[ECO "C27"]
[NIC "VG.02"]
[Time "19:40:02"]
[TimeControl "120+12"]

1. e4 e5 2. Nc3 Nf6 3. Bc4 Nxe4 4. Qh5 Nd6 5. Bb3 Nc6 6. Nb5 g6 7. Qf3 f5 8.
Qd5 Qe7 9. Nxc7+ Kd8 10. Nxa8 b6 11. Ba4 Nd4 12. f4 Bb7 13. Qxe5 Bxa8 14.
Kf1 Bc6 15. Qxh8 Bxa4 16. Qxd4 Bc6 17. Qe5 Nc4 18. Qb8# {Black checkmated}
1-0

[Event "GambitGuide"]
[Site "Internet Chess Club"]
[Date "2014.10.30"]
[Round "1"]
[White "JSBach"]
[Black "dange11"]
[Result "1-0"]
[ICCResult "Black resigns"]
[WhiteElo "1713"]
[BlackElo "1622"]
[Opening "Vienna: `Frankenstein-Dracula' variation"]
[ECO "C27"]
[NIC "VG.02"]
[Time "19:39:30"]
[TimeControl "120+12"]

1. e4 e5 2. Nc3 Nf6 3. Bc4 Nxe4 4. Qh5 Nd6 5. Bb3 Nc6 6. Nb5 g6 7. Qf3 f5 8.
Qd5 Qe7 9. Nxc7+ Kd8 10. Nxa8 b6 11. Ba4 Bb7 12. Nxb6 axb6 13. Qb3 Nc8 14.
a3 Qg5 15. Qd5 Bg7 16. d4 e4 17. Bxg5+ {Black resigns} 1-0

[Event "GambitGuide"]
[Site "Internet Chess Club"]
[Date "2014.10.30"]
[Round "1"]
[White "JSBach"]
[Black "kaisar"]
[Result "1-0"]
[ICCResult "Black resigns"]
[WhiteElo "1713"]
[BlackElo "1311"]
[Opening "Vienna: `Frankenstein-Dracula' variation"]
[ECO "C27"]
[NIC "VG.02"]
[Time "19:39:55"]
[TimeControl "120+12"]

1. e4 e5 2. Nc3 Nf6 3. Bc4 Nxe4 4. Qh5 Nd6 5. Bb3 Nc6 6. Nb5 g6 7. Qf3 f5 8.
Qd5 Qe7 9. Nxc7+ Kd8 10. Nxa8 b6 11. Ba4 Bb7 12. Nxb6 axb6 13. Qb3 Bh6 14.
d3 Bxc1 15. Qxb6+ Kc8 16. Rxc1 e4 17. Ne2 exd3 18. cxd3 f4 19. Kf1 f3 20.
gxf3 Qg5 21. Bxc6 dxc6 22. Rxc6+ Bxc6 23. Qxc6+ Kb8 24. Qxd6+ Kb7 25. f4 Qb5
26. Qe5 Re8 27. Qxb5+ {Black resigns} 1-0

[Event "GambitGuide"]
[Site "Internet Chess Club"]
[Date "2014.10.30"]
[Round "1"]
[White "JSBach"]
[Black "SeriousGacky"]
[Result "1-0"]
[ICCResult "Black resigns"]
[WhiteElo "1713"]
[BlackElo "980"]
[Opening "Vienna: `Frankenstein-Dracula' variation"]
[ECO "C27"]
[NIC "VG.02"]
[Time "19:39:43"]
[TimeControl "120+12"]

1. e4 e5 2. Nc3 Nf6 3. Bc4 Nxe4 4. Qh5 Nd6 5. Bb3 Nc6 6. Nb5 g6 7. Qf3 f5 8.
Qd5 Qe7 9. Nxc7+ Kd8 10. Nxa8 b6 11. Ba4 Bb7 12. Nxb6 axb6 13. Qb3 Kc7 14.
Ne2 Qg5 15. O-O f4 16. Re1 e4 17. Qc3 f3 18. Ng3 Rg8 19. d3 Bg7 20. Qxg7
Rxg7 21. Bxg5 Nf7 22. Bf6 Rg8 23. dxe4 Rf8 24. gxf3 Nd6 25. e5 Nf5 26. Bxc6
Bxc6 27. Nxf5 gxf5 28. Re3 d6 29. exd6+ Kxd6 30. Be7+ {Black resigns} 1-0

[Event "GambitGuide"]
[Site "Internet Chess Club"]
[Date "2014.10.30"]
[Round "1"]
[White "JSBach"]
[Black "boveymvp"]
[Result "1-0"]
[ICCResult "Black resigns"]
[WhiteElo "1713"]
[BlackElo "1577"]
[Opening "Vienna: `Frankenstein-Dracula' variation"]
[ECO "C27"]
[NIC "VG.02"]
[Time "19:40:13"]
[TimeControl "120+12"]

1. e4 e5 2. Nc3 Nf6 3. Bc4 Nxe4 4. Qh5 Nd6 5. Bb3 Nc6 6. Nb5 g6 7. Qf3 f5 8.
Qd5 Qe7 9. Nxc7+ Kd8 10. Nxa8 b6 11. Ba4 b5 12. Bxb5 Nxb5 13. Qxb5 Qc5 14.
Qxc5 Bxc5 15. d3 Bb7 16. d4 Nxd4 17. Bg5+ Kc8 18. Kd2 Bxg2 19. Bf6 Re8 20.
Nh3 Bxh3 21. c3 Nc6 22. Ke2 Bg2 23. Rhd1 d5 24. a3 Re6 25. Rg1 Be4 26. Bg7
f4 27. Raf1 f3+ 28. Kd2 Bf5 29. b4 Be7 30. b5 Bg5+ 31. Rxg5 Na5 32. Bf8 Nc4+
33. Kc1 e4 34. Bg7 Kb7 35. Rd1 Rd6 36. Bf8 Rd7 37. Bc5 Kxa8 38. h4 h5 39.
Rg3 Kb7 40. Rgg1 a6 41. a4 axb5 42. axb5 Ne5 43. Kd2 Nd3 44. Bd4 Nf4 45. Ra1
Kb8 46. Be5+ {Black resigns} 1-0

[Event "GambitGuide"]
[Site "Internet Chess Club"]
[Date "2014.10.30"]
[Round "1"]
[White "JSBach"]
[Black "LisaTr"]
[Result "1-0"]
[ICCResult "Black resigns"]
[WhiteElo "1713"]
[BlackElo "1719"]
[Opening "Vienna: `Frankenstein-Dracula' variation"]
[ECO "C27"]
[NIC "VG.02"]
[Time "19:41:17"]
[TimeControl "120+12"]

1. e4 e5 2. Nc3 Nf6 3. Bc4 Nxe4 4. Qh5 Nd6 5. Bb3 Nc6 6. Nb5 g6 7. Qf3 f5 8.
Qd5 Qe7 9. Nxc7+ Kd8 10. Nxa8 b6 11. Ba4 Bb7 12. Nxb6 axb6 13. Qb3 Nc8 14.
Ne2 Qb4 15. Qf7 Qe7 16. Qxe7+ Bxe7 17. c3 d5 18. Bb3 Na5 19. Ba4 Kc7 20. d4
Bc6 21. Bc2 Nd6 22. dxe5 Ndc4 23. f4 Bc5 24. b4 Ne3 25. Bxe3 Bxe3 26. bxa5
bxa5 27. Nd4 Bxd4 28. cxd4 Rb8 29. Rb1 Rb4 30. Rxb4 axb4 31. Kd2 Kb6 32. Rc1
Kb5 33. Ba4+ Kxa4 34. Rxc6 Ka3 35. Ra6+ Kb2 36. g3 {Black resigns} 1-0

[Event "GambitGuide"]
[Site "Internet Chess Club"]
[Date "2014.10.30"]
[Round "1"]
[White "JSBach"]
[Black "kaisar"]
[Result "1-0"]
[ICCResult "Black resigns"]
[WhiteElo "1713"]
[BlackElo "1311"]
[Opening "Vienna: `Frankenstein-Dracula' variation"]
[ECO "C27"]
[NIC "VG.02"]
[Time "19:41:53"]
[TimeControl "120+12"]

1. e4 e5 2. Nc3 Nf6 3. Bc4 Nxe4 4. Qh5 Nd6 5. Bb3 Nc6 6. Nb5 g6 7. Qf3 f5 8.
Qd5 Qe7 9. Nxc7+ Kd8 10. Nxa8 b6 11. Ba4 Bb7 12. Nxb6 axb6 13. Qb3 b5 14.
Nf3 bxa4 15. Qxa4 Kc7 16. O-O e4 17. Nd4 Nxd4 18. Qxd4 Bg7 19. Qb4 Qe5 20.
Re1 Qb5 21. Qxb5 Nxb5 22. a4 Nd4 23. d3 Nxc2 24. Bf4+ d6 25. Rac1 exd3 26.
Re7+ Kb6 27. Rxg7 Be4 28. Bxd6 Rd8 29. Bc7+ Kc5 30. Bxd8 Kd4 31. Bf6+ Kc4
32. Rxh7 Kb3 33. a5 d2 34. Rd1 g5 35. Rxd2 f4 36. Re7 Nb4 37. Rxe4
{Black resigns}
1-0

[Event "GambitGuide"]
[Site "Internet Chess Club"]
[Date "2014.10.30"]
[Round "1"]
[White "JSBach"]
[Black "Selfoss"]
[Result "1-0"]
[ICCResult "Black resigns"]
[WhiteElo "1713"]
[BlackElo "1316"]
[Opening "Vienna: `Frankenstein-Dracula' variation"]
[ECO "C27"]
[NIC "VG.02"]
[Time "19:43:33"]
[TimeControl "120+12"]

1. e4 e5 2. Nc3 Nf6 3. Bc4 Nxe4 4. Qh5 Nd6 5. Bb3 Nc6 6. Nb5 g6 7. Qf3 f5 8.
Qd5 Qe7 9. Nxc7+ Kd8 10. Nxa8 b6 11. Ba4 Nb4 12. Qb3 a5 13. Nxb6 Qg5 14.
Nxc8 Qxg2 15. Nxd6 Qxh1 16. Nf7+ Kc7 17. Qc3+ Kb8 18. Qxe5+ Ka8 19. Qe8+
{Black resigns}
1-0

[Event "GambitGuide"]
[Site "Internet Chess Club"]
[Date "2014.10.30"]
[Round "1"]
[White "JSBach"]
[Black "puffin"]
[Result "1-0"]
[ICCResult "Black checkmated"]
[WhiteElo "1713"]
[BlackElo "1949"]
[Opening "Vienna: `Frankenstein-Dracula' variation"]
[ECO "C27"]
[NIC "VG.02"]
[Time "19:43:48"]
[TimeControl "120+12"]

1. e4 e5 2. Nc3 Nf6 3. Bc4 Nxe4 4. Qh5 Nd6 5. Bb3 Nc6 6. Nb5 g6 7. Qf3 f5 8.
Qd5 Qe7 9. Nxc7+ Kd8 10. Nxa8 b6 11. Ba4 Bb7 12. Nxb6 Nd4 13. Qc5 Bxg2 14.
Nd5 Qe6 15. Qa5+ Kc8 16. Qc7# {Black checkmated} 1-0

[Event "GambitGuide"]
[Site "Internet Chess Club"]
[Date "2014.10.30"]
[Round "1"]
[White "JSBach"]
[Black "krahax"]
[Result "1-0"]
[ICCResult "Black resigns"]
[WhiteElo "1713"]
[BlackElo "1097"]
[Opening "Vienna: `Frankenstein-Dracula' variation"]
[ECO "C27"]
[NIC "VG.02"]
[Time "19:42:09"]
[TimeControl "120+12"]

1. e4 e5 2. Nc3 Nf6 3. Bc4 Nxe4 4. Qh5 Nd6 5. Bb3 Nc6 6. Nb5 g6 7. Qf3 f5 8.
Qd5 Qe7 9. Nxc7+ Kd8 10. Nxa8 b6 11. Ba4 Bb7 12. Nxb6 axb6 13. Qb3 Nd4 14.
Qxb6+ Ke8 15. Kf1 Bc6 16. Bxc6 Nxc6 17. Nf3 Bg7 18. Ke1 Kf7 19. a4 Rb8 20.
Qe3 Nc4 21. Qc3 e4 22. Qxc4+ Qe6 23. Ng5+ Kf6 24. Nxe6 Ne5 25. Qc7 Re8 26.
Nxg7 Re7 27. Qd6+ Kf7 28. b4 Nc6 29. Bb2 {Black resigns} 1-0

[Event "GambitGuide"]
[Site "Internet Chess Club"]
[Date "2014.10.30"]
[Round "1"]
[White "JSBach"]
[Black "TwinsburgOHUSA"]
[Result "1-0"]
[ICCResult "Black resigns"]
[WhiteElo "1713"]
[BlackElo "1299"]
[Opening "Vienna: `Frankenstein-Dracula' variation"]
[ECO "C27"]
[NIC "VG.02"]
[Time "19:42:53"]
[TimeControl "120+12"]

1. e4 e5 2. Nc3 Nf6 3. Bc4 Nxe4 4. Qh5 Nd6 5. Bb3 Nc6 6. Nb5 g6 7. Qf3 f5 8.
Qd5 Qe7 9. Nxc7+ Kd8 10. Nxa8 b6 11. Ba4 Nd4 12. f4 exf4+ 13. Kd1 Bb7 14.
Qxd4 Bxa8 15. Nf3 Bxf3+ 16. gxf3 Rg8 17. Qxf4 Bg7 18. Re1 Qf6 19. Bb3 Re8
20. Rxe8+ Kxe8 21. Qa4 a5 22. Bd5 Qd4 23. Qxd4 Bxd4 24. a4 g5 25. c3 Be5 26.
d4 Bf6 27. Bd2 g4 28. fxg4 fxg4 29. Be3 h5 30. Kd2 h4 31. Rg1 Nf5 32. Rxg4
Nxe3 33. Kxe3 Ke7 34. Kf4 d6 35. Kf5 Bh8 36. h3 Bf6 37. Re4+ Be5 38. dxe5
dxe5 39. Kxe5 {Black resigns} 1-0

[Event "GambitGuide"]
[Site "Internet Chess Club"]
[Date "2014.10.30"]
[Round "1"]
[White "JSBach"]
[Black "Selfoss"]
[Result "1-0"]
[ICCResult "Black resigns"]
[WhiteElo "1713"]
[BlackElo "1316"]
[Opening "Vienna: `Frankenstein-Dracula' variation"]
[ECO "C27"]
[NIC "VG.02"]
[Time "19:44:27"]
[TimeControl "120+12"]

1. e4 e5 2. Nc3 Nf6 3. Bc4 Nxe4 4. Qh5 Nd6 5. Bb3 Nc6 6. Nb5 g6 7. Qf3 f5 8.
Qd5 Qe7 9. Nxc7+ Kd8 10. Nxa8 b6 11. Ba4 Qg5 12. Nh3 Qg4 13. Bxc6 dxc6 14.
Qxc6 e4 15. Qc7+ Ke8 16. Rg1 Bh6 17. Qxd6 {Black resigns} 1-0

[Event "GambitGuide"]
[Site "Internet Chess Club"]
[Date "2014.10.30"]
[Round "1"]
[White "JSBach"]
[Black "puffin"]
[Result "0-1"]
[ICCResult "White checkmated"]
[WhiteElo "1713"]
[BlackElo "1949"]
[Opening "Vienna: `Frankenstein-Dracula' variation"]
[ECO "C27"]
[NIC "VG.02"]
[Time "19:44:47"]
[TimeControl "120+12"]

1. e4 e5 2. Nc3 Nf6 3. Bc4 Nxe4 4. Qh5 Nd6 5. Bb3 Nc6 6. Nb5 g6 7. Qf3 f5 8.
Qd5 Qe7 9. Nxc7+ Kd8 10. Nxa8 b6 11. Ba4 Bb7 12. Nxb6 axb6 13. Qb3 Kc7 14.
Ne2 Nd4 15. Nxd4 exd4+ 16. Kf1 Bg7 17. Qg3 Re8 18. f3 Qe2+ 19. Kg1 Qd1+ 20.
Kf2 Re2# {White checkmated} 0-1

[Event "GambitGuide"]
[Site "Internet Chess Club"]
[Date "2014.10.30"]
[Round "1"]
[White "JSBach"]
[Black "Paul-Romero"]
[Result "1-0"]
[ICCResult "Black checkmated"]
[WhiteElo "1713"]
[BlackElo "1822"]
[Opening "Vienna: `Frankenstein-Dracula' variation"]
[ECO "C27"]
[NIC "VG.02"]
[Time "19:45:44"]
[TimeControl "120+12"]

1. e4 e5 2. Nc3 Nf6 3. Bc4 Nxe4 4. Qh5 Nd6 5. Bb3 Nc6 6. Nb5 g6 7. Qf3 f5 8.
Qd5 Qe7 9. Nxc7+ Kd8 10. Nxa8 b6 11. Ba4 Bb7 12. Nxb6 axb6 13. Qb3 Kc7 14.
Ne2 Ba6 15. Nc3 Qe6 16. Nd5+ Kb7 17. Qxb6+ Ka8 18. Nc7# {Black checkmated}
1-0

[Event "GambitGuide"]
[Site "Internet Chess Club"]
[Date "2014.10.30"]
[Round "1"]
[White "JSBach"]
[Black "fishhead"]
[Result "1-0"]
[ICCResult "Black resigns"]
[WhiteElo "1713"]
[BlackElo "1597"]
[Opening "Vienna: `Frankenstein-Dracula' variation"]
[ECO "C27"]
[NIC "VG.02"]
[Time "19:46:04"]
[TimeControl "120+12"]

1. e4 e5 2. Nc3 Nf6 3. Bc4 Nxe4 4. Qh5 Nd6 5. Bb3 Nc6 6. Nb5 g6 7. Qf3 f5 8.
Qd5 Qe7 9. Nxc7+ Kd8 10. Nxa8 b6 11. Ba4 Bb7 12. Nxb6 axb6 13. Qb3 b5 14.
Nf3 bxa4 15. Qxa4 Bg7 16. d3 h6 17. Nh4 Qf7 18. Be3 Ke7 19. Bc5 Qe6 20. Qa3
Ra8 21. Bxd6+ Qxd6 22. Nxg6+ Ke6 23. Qb3+ Kf6 24. Qxb7 Kxg6 25. Qxa8
{Black resigns}
1-0

[Event "GambitGuide"]
[Site "Internet Chess Club"]
[Date "2014.10.30"]
[Round "1"]
[White "JSBach"]
[Black "Paul-Romero"]
[Result "1-0"]
[ICCResult "Black resigns"]
[WhiteElo "1713"]
[BlackElo "1822"]
[Opening "Vienna: `Frankenstein-Dracula' variation"]
[ECO "C27"]
[NIC "VG.02"]
[Time "19:46:55"]
[TimeControl "120+12"]

1. e4 e5 2. Nc3 Nf6 3. Bc4 Nxe4 4. Qh5 Nd6 5. Bb3 Nc6 6. Nb5 g6 7. Qf3 f5 8.
Qd5 Qe7 9. Nxc7+ Kd8 10. Nxa8 b6 11. Ba4 Qe6 12. Qxe6 dxe6 13. Bxc6 Bh6 14.
d3 f4 15. Nf3 Bg7 16. Rg1 Nf5 17. Ng5 Ba6 18. Nf7+ Ke7 19. Nxh8 Bxh8 20. Kd1
{Black resigns}
1-0

[Event "GambitGuide"]
[Site "Internet Chess Club"]
[Date "2014.10.30"]
[Round "1"]
[White "JSBach"]
[Black "Attalus"]
[Result "1-0"]
[ICCResult "Black resigns"]
[WhiteElo "1713"]
[BlackElo "1325"]
[Opening "Vienna: `Frankenstein-Dracula' variation"]
[ECO "C27"]
[NIC "VG.02"]
[Time "19:45:18"]
[TimeControl "120+12"]

1. e4 e5 2. Nc3 Nf6 3. Bc4 Nxe4 4. Qh5 Nd6 5. Bb3 Nc6 6. Nb5 g6 7. Qf3 f5 8.
Qd5 Qe7 9. Nxc7+ Kd8 10. Nxa8 b6 11. Ba4 Bb7 12. Nxb6 axb6 13. Qb3 Nc8 14.
Qd3 Qc5 15. c3 e4 16. Qb5 Qxb5 17. Bxb5 Ne5 18. Ne2 Nd6 19. Nd4 Nxb5 20.
Nxb5 Nd3+ 21. Kf1 Ba6 22. a4 Bc5 23. f3 Rf8 24. b4 Be7 25. Ke2 exf3+ 26.
Kxd3 Kc8 27. gxf3 Kb7 28. Re1 Bf6 29. Kc4 Rc8+ 30. Kd5 {Black resigns} 1-0

[Event "GambitGuide"]
[Site "Internet Chess Club"]
[Date "2014.10.30"]
[Round "1"]
[White "JSBach"]
[Black "knutolsen"]
[Result "1-0"]
[ICCResult "Black resigns"]
[WhiteElo "1713"]
[BlackElo "1646"]
[Opening "Vienna: `Frankenstein-Dracula' variation"]
[ECO "C27"]
[NIC "VG.02"]
[Time "19:43:05"]
[TimeControl "120+12"]

1. e4 e5 2. Nc3 Nf6 3. Bc4 Nxe4 4. Qh5 Nd6 5. Bb3 Nc6 6. Nb5 g6 7. Qf3 f5 8.
Qd5 Qe7 9. Nxc7+ Kd8 10. Nxa8 b6 11. Ba4 Bb7 12. Nxb6 axb6 13. Qb3 Bg7 14.
Qxb6+ Ke8 15. Ne2 h5 16. Qc5 Ne4 17. Qxe7+ Kxe7 18. d3 Nc5 19. Bb5 d5 20. a4
e4 21. Nf4 Nb4 22. Nxg6+ Kf6 23. Nxh8 Nxc2+ 24. Kd1 Nxa1 25. Be3 Bxh8 26.
Bxc5 Kg6 27. b4 Nb3 28. Be8+ Kh6 29. Be3+ Kh7 30. Bd7 Kg6 31. dxe4 fxe4 32.
Be8+ Kh7 33. Bxh5 d4 34. Bg5 d3 35. Bf7 Nd4 36. h4 Nc2 37. b5 Bd4 38. Rf1 e3
39. fxe3 Bxe3 40. Bc4 Bxg2 41. Bxd3+ Kg7 42. Kxc2 Bxf1 43. Bxe3 {Black
resigns} 1-0

[Event "GambitGuide"]
[Site "Internet Chess Club"]
[Date "2014.10.30"]
[Round "1"]
[White "JSBach"]
[Black "TwinsburgOHUSA"]
[Result "0-1"]
[ICCResult "White checkmated"]
[WhiteElo "1713"]
[BlackElo "1299"]
[Opening "Vienna: `Frankenstein-Dracula' variation"]
[ECO "C27"]
[NIC "VG.02"]
[Time "19:47:09"]
[TimeControl "120+12"]

1. e4 e5 2. Nc3 Nf6 3. Bc4 Nxe4 4. Qh5 Nd6 5. Bb3 Nc6 6. Nb5 g6 7. Qf3 f5 8.
Qd5 Qe7 9. Nxc7+ Kd8 10. Nxa8 b6 11. Ba4 Nd4 12. f4 exf4+ 13. Kd1 Bg7 14. b4
Re8 15. Qe6 Qxe6 16. Bb2 Re7 17. Nf3 Nxf3 18. c3 Ne5 19. Bb3 Qf6 20. d4 Ng4
21. Re1 Rxe1+ 22. Kxe1 Bb7 23. h3 Ne3 24. g3 fxg3 25. Ke2 Qe7 26. Kd3 Bxa8
27. Re1 g2 28. Rg1 Qg5 29. h4 Qxh4 30. Kxe3 Qh1 31. Rd1 g1=Q+ 32. Rxg1 Qxg1+
33. Kd2 f4 34. Bg8 h6 35. Bb3 f3 36. Be6 dxe6 37. d5 exd5 38. c4 Nxc4+ 39.
Kc2 Nxb2 40. Kd2 f2 41. Ke2 f1=Q+ 42. Kd2 Qgg2+ 43. Ke3 Qff3# {White
checkmated} 0-1

[Event "GambitGuide"]
[Site "Internet Chess Club"]
[Date "2014.10.30"]
[Round "1"]
[White "JSBach"]
[Black "fishhead"]
[Result "1-0"]
[ICCResult "Black resigns"]
[WhiteElo "1713"]
[BlackElo "1597"]
[Opening "Vienna: `Frankenstein-Dracula' variation"]
[ECO "C27"]
[NIC "VG.02"]
[Time "19:48:01"]
[TimeControl "120+12"]

1. e4 e5 2. Nc3 Nf6 3. Bc4 Nxe4 4. Qh5 Nd6 5. Bb3 Nc6 6. Nb5 g6 7. Qf3 f5 8.
Qd5 Qe7 9. Nxc7+ Kd8 10. Nxa8 b6 11. Ba4 Bb7 12. Nxb6 axb6 13. Qb3 b5 14.
Nf3 bxa4 15. Qxa4 Bg7 16. O-O Nf7 17. Qb5 Bc8 18. Re1 Qd6 19. c3 Qc7 20. d4
e4 21. Ng5 Nxg5 22. Bxg5+ Ke8 23. f3 h6 24. Bd2 Qb8 25. Qxb8 Nxb8 26. fxe4
fxe4 27. Rxe4+ Kf7 28. Rf1+ Kg8 29. b4 d5 30. Re8+ Kh7 31. Rxh8+ Kxh8 32.
Bf4 Nd7 33. a4 g5 34. Bd6 Kh7 35. b5 Nb6 36. a5 Nc4 37. Bb4 Kg6 38. a6 Bf6
39. Bc5 Bd8 40. Rf8 {Black resigns} 1-0

[Event "GambitGuide"]
[Site "Internet Chess Club"]
[Date "2014.10.30"]
[Round "1"]
[White "JSBach"]
[Black "MorningRunner"]
[Result "0-1"]
[ICCResult "White checkmated"]
[WhiteElo "1713"]
[BlackElo "1885"]
[Opening "Vienna: `Frankenstein-Dracula' variation"]
[ECO "C27"]
[NIC "VG.02"]
[Time "19:47:40"]
[TimeControl "120+12"]

1. e4 e5 2. Nc3 Nf6 3. Bc4 Nxe4 4. Qh5 Nd6 5. Bb3 Nc6 6. Nb5 g6 7. Qf3 f5 8.
Qd5 Qe7 9. Nxc7+ Kd8 10. Nxa8 b6 11. Ba4 Bb7 12. Nxb6 axb6 13. Qb3 b5 14.
Nf3 bxa4 15. Qxa4 e4 16. Nd4 Nxd4 17. Qxd4 Bg7 18. Qe3 g5 19. a4 f4 20. Qc5
h6 21. a5 Qe5 22. Qxe5 Bxe5 23. a6 Ba8 24. Rf1 Re8 25. c3 Nc4 26. b3 Nb6 27.
b4 Bb8 28. Ra3 Ba7 29. Rb3 Kc7 30. Rb1 d6 31. Ba3 Bc6 32. b5 Bd5 33. g4 Bc4
34. Rh1 Bd3 35. Rb4 Nd5 36. Rb3 Bc4 37. Rb1 e3 38. fxe3 fxe3 39. Rb2 e2 40.
Bb4 Nf4 41. b6+ Bxb6 42. Bxd6+ Kxd6 43. Rxb6+ Kc5 44. Re6 Rxe6 45. d4+ Kb6
46. Kd2 Kxa6 47. Re1 Ng2 48. d5 Nxe1 49. Kxe1 Bxd5 50. c4 Bxc4 51. h3 Kb5
52. h4 gxh4 53. g5 h3 54. g6 h2 55. Kf2 e1=Q+ 56. Kf3 Qe3+ 57. Kg2 Rxg6+ 58.
Kxh2 Qg3+ 59. Kh1 Bd5# {White checkmated} 0-1

[Event "GambitGuide"]
[Site "Internet Chess Club"]
[Date "2014.10.30"]
[Round "1"]
[White "JSBach"]
[Black "fishhead"]
[Result "1-0"]
[ICCResult "Black resigns"]
[WhiteElo "1713"]
[BlackElo "1597"]
[Opening "Vienna: `Frankenstein-Dracula' variation"]
[ECO "C27"]
[NIC "VG.02"]
[Time "19:50:28"]
[TimeControl "120+12"]

1. e4 e5 2. Nc3 Nf6 3. Bc4 Nxe4 4. Qh5 Nd6 5. Bb3 Nc6 6. Nb5 g6 7. Qf3 f5 8.
Qd5 Qe7 9. Nxc7+ Kd8 10. Nxa8 b6 11. Ba4 Bb7 12. Nxb6 axb6 13. Qb3 b5 14.
Nf3 bxa4 15. Qxa4 Bg7 16. O-O Re8 17. Re1 Qf6 18. d3 h6 19. Be3 Ke7 20. c3
Kf8 21. d4 e4 22. Ne5 Qe6 23. Nxc6 Bxc6 24. Qb4 Kg8 25. h3 Kh7 26. Bf4 Nf7
27. a4 Qd6 28. Bxd6 {Black resigns} 1-0

[Event "GambitGuide"]
[Site "Internet Chess Club"]
[Date "2014.10.30"]
[Round "1"]
[White "JSBach"]
[Black "Attalus"]
[Result "1-0"]
[ICCResult "Black resigns"]
[WhiteElo "1713"]
[BlackElo "1325"]
[Opening "Vienna: `Frankenstein-Dracula' variation"]
[ECO "C27"]
[NIC "VG.02"]
[Time "19:48:25"]
[TimeControl "120+12"]

1. e4 e5 2. Nc3 Nf6 3. Bc4 Nxe4 4. Qh5 Nd6 5. Bb3 Nc6 6. Nb5 g6 7. Qf3 f5 8.
Qd5 Qe7 9. Nxc7+ Kd8 10. Nxa8 b6 11. Ba4 Bb7 12. Nxb6 axb6 13. Qb3 Kc7 14.
Ne2 Nd4 15. Nxd4 exd4+ 16. Kf1 Ba6+ 17. d3 Bb7 18. Bf4 Qh4 19. Be5 Qg4 20.
Rg1 Bg7 21. Bxd6+ Kxd6 22. Qf7 Bc6 23. Qxg7 Re8 24. f3 Bxf3 25. Qxd7+ Ke5
26. Qxe8+ Kf6 27. Qf8+ Kg5 28. gxf3 Qxg1+ 29. Kxg1 {Black resigns} 1-0

[Event "GambitGuide"]
[Site "Internet Chess Club"]
[Date "2014.10.30"]
[Round "1"]
[White "JSBach"]
[Black "Svinotigr"]
[Result "1-0"]
[ICCResult "Black resigns"]
[WhiteElo "1713"]
[BlackElo "1757"]
[Opening "Vienna: `Frankenstein-Dracula' variation"]
[ECO "C27"]
[NIC "VG.02"]
[Time "19:49:49"]
[TimeControl "120+12"]

1. e4 e5 2. Nc3 Nf6 3. Bc4 Nxe4 4. Qh5 Nd6 5. Bb3 Nc6 6. Nb5 g6 7. Qf3 f5 8.
Qd5 Qe7 9. Nxc7+ Kd8 10. Nxa8 b6 11. Ba4 Bb7 12. Nxb6 axb6 13. Qb3 b5 14.
Nf3 bxa4 15. Qxa4 e4 16. Nd4 Bg7 17. Nxc6+ Bxc6 18. Qa7 Qg5 19. O-O Be5 20.
Qa5+ {Black resigns} 1-0